 Dungeon Crawl Stone Soup version 0.29.0-4-gdea44cf6ec (webtiles) character file.

Game seed: 2574514261642116771

1674 qw the Cleaver (level 9, -3/55 HPs)
             Began as a Gargoyle Fighter on Sept 8, 2022.
             Was a Follower of Okawaru.
             Splashed by a jelly's acid (4 damage)
             ... on level 6 of the Dungeon.
             The game lasted 00:02:30 (6266 turns).

qw the Cleaver (Gargoyle Fighter)                   Turns: 6266, Time: 00:02:31

Health: -3/55      AC: 11    Str: 23    XL:     9   Next: 1%
Magic:  8/11       EV:  9    Int: 10    God:    Okawaru [*.....]
Gold:   295        SH:  5    Dex:  9    Spells: 8/8 levels left

rFire   . . .      SeeInvis .   Y - +0 war axe
rCold   . . .      Faith    .   c - +0 buckler
rNeg    + . .      Spirit   .   m - +0 chain mail
rPois   inf        Reflect  .   (no helmet)
rElec   +          Harm     .   r - +0 cloak
rCorr   .          Rampage  .   (no gloves)
Will    +....                   (no boots)
Stlth   ..........              (no amulet)
HPRegen 0.18/turn               q - ring of willpower
MPRegen 0.12/turn               (no ring)

@: heroic, corroded
A: sickness immunity, AC +6, negative energy resistance 1, electricity
resistance, torment resistance 1, petrification resistance
a: Renounce Religion, Heroism


You were on level 6 of the Dungeon.
You worshipped Okawaru.
Okawaru was aware of your devotion.
You visited 1 branch of the dungeon, and saw 6 of its levels.

You collected 295 gold pieces.


Innate Abilities, Weirdness & Mutations

You are immune to sickness and miasma.
Your stone body is resilient. (AC +6)
You are immune to poison.
You resist negative energy. (rN+)
You are resistant to electric shocks. (rElec)
You are resistant to unholy torment.
You are immune to petrification.


   Skills:
 - Level 6.0(11.0) Fighting
 + Level 8.2(13.2) Axes
 - Level 1.7(6.7) Throwing
 - Level 4.0(9.0) Armour
 - Level 1.1(6.1) Dodging
 - Level 3.2(8.2) Shields
 + Level 3.4 Invocations


You had 8 spell levels left.
You didn't know any spells.
Your spell library was empty.

Inventory:

Hand Weapons
 k - a +1 flail of pain
 Y - a +0 war axe (weapon)
Missiles
 f - 8 boomerangs (quivered)
Armour
 c - a +0 buckler (worn)
 m - a +0 chain mail (worn)
 r - a +0 cloak (worn)
Jewellery
 e - a +6 ring of dexterity
 q - a ring of willpower (left hand)
Scrolls
 a - 3 scrolls of identify
Potions
 b - a potion of attraction
 d - a potion of might
 i - a potion of haste

Dungeon Overview and Level Annotations

Branches:
Dungeon (6/15)             Temple (0/1) D:6

Altars:
Fedhas
Makhleb
Okawaru
Trog


Message History

Okawaru accepts your kill.
Reactivating autopickup.
You feel a bit more experienced.
The wight hits you with a +4 dire flail.
The iguana bites you.
You have reached level 9!
Your experience leads to an increase in your attributes!
Increase (S)trength, (I)ntelligence, or (D)exterity?
You feel stronger. x2
You completely miss the iguana.
The iguana is lightly wounded.
You slash the wight! You hit the adder. The adder bites you but does no damage.
You block the wight's attack. The iguana closely misses you.
You closely miss the wight.
The wight is severely damaged.
You hit the adder but do no damage. You barely miss the iguana.
The adder bites you but does no damage.
You closely miss the wight.
The wight is severely damaged.
You slash the adder!
You kill the adder!
Okawaru accepts your kill.
You barely miss the iguana.
The wight hits you with a +4 dire flail.
You block the iguana's attack.
You barely miss the wight.
The wight is severely damaged.
You slash the jelly! The acid corrodes you!
Your hands burn!
You slash something! You hit the iguana. The iguana bites you.
You block the wight's attack. Something hits you but does no damage.
Deactivating autopickup; reactivate with Ctrl-A.
The jelly hits you but does no damage.
The howler monkey hoots and howls with incredible vigour!
You hit the wight.
You destroy the wight!
Okawaru accepts your kill.
You hit the jelly but do no damage. The acid corrodes you!
Your hands burn!
You die...

...#'#'# . # #
....#.######## #o#.
#........<....
.##...###^..#.####....
......).....#)#..'....
...###..#..#)..##....
##')##...####....
##{...###.# #....
#@lo...##... #####
#J)#$$#..#....#
#.h$##$..#.#### #..$#
$..#.. #..#$ #..###
##.... .## #. ##... #.
# #+ #. #


You could see a howler monkey (catching breath), an iguana, a jelly and an orc
priest.

Vanquished Creatures
  Sigmund (D:3)
  3 water moccasins
  Duvessa (D:6)
  2 ice beasts (D:6)
  2 black bears
  A phantom (D:5)
  2 wights (D:6)
  Dowan (D:6)
  A hound (D:5)
  2 gnoll boudas
  An iguana (D:5)
  2 jellies (D:2)
  5 orc wizards
  7 adders
  9 gnolls
  2 white imps
  2 worms
  A dart slug (D:3)
  16 orcs
  6 ball pythons
  6 bats
  15 endoplasms
  2 giant cockroaches
  9 hobgoblins
  3 jackals (D:1)
  A quokka (D:3)
  3 frilled lizards (D:1)
  7 goblins
  11 kobolds
  8 rats
132 creatures vanquished.

Vanquished Creatures (others)
  2 fungi (D:2)
  8 toadstools (D:2)
10 creatures vanquished.

Grand Total: 142 creatures vanquished

Notes
Turn   | Place    | Note
-------+----------+-------------------------------------------
     0 | D:1      | qw the Gargoyle Fighter began the quest for the Orb.
     0 | D:1      | Reached XP level 1. HP: 14/14 MP: 1/1
     0 | D:1      | 0 ||| qw: Version: 0.1-a-112-g44dc6cd
     0 | D:1      | 0 ||| qw: Game counter: 6804
     0 | D:1      | 0 ||| qw: Always use a shield: true
     0 | D:1      | 0 ||| qw: God list: Okawaru
     0 | D:1      | 0 ||| qw: Allow faded altars: false
     0 | D:1      | 0 ||| qw: Do Orc after D:15 true
     0 | D:1      | 0 ||| qw: Do second Lair branch before Depths: true
     0 | D:1      | 0 ||| qw: Lair rune preference: random
     0 | D:1      | 0 ||| qw: Plans: Normal, Zot, God:TSO, Crypt, Tomb, Zig,
                  | Orb
     0 | D:1      | 0 ||| PLANNING D:1-11
    72 | D:1      | Reached skill level 2 in Axes
   101 | D:1      | Found a faded altar of an unknown god.
   101 | D:1      | Noticed a smoke demon
   112 | D:1      | 112 ||| Stepping ~*~*~tactically~*~*~ (stealth).
   274 | D:1      | Reached XP level 2. HP: 19/19 MP: 2/2
   872 | D:1      | Reached skill level 3 in Axes
  1022 | D:1      | Reached XP level 3. HP: 23/23 MP: 3/3
  1109 | D:1      | 1109 ||| DROPPING +0 club.
  1145 | D:1      | 1145 ||| UPGRADING to amulet of guardian spirit.
  1150 | D:1      | 1150 ||| READING 2 scrolls labelled PUSEYM FASIGH.
  1151 | D:1      | 1151 ||| READING scroll labelled ZAKITTUOFI.
  1152 | D:1      | 1152 ||| DRINKING 3 amethyst potions.
  1199 | D:2      | 1199 ||| FLEEEEING.
  1200 | D:2      | 1200 ||| STAIRDANCE
  1430 | D:2      | 1430 ||| Stepping ~*~*~tactically~*~*~ (stealth).
  1613 | D:2      | Reached skill level 4 in Axes
  1613 | D:2      | Reached XP level 4. HP: 22/28 MP: 4/4
  1806 | D:2      | 1806 ||| Stepping ~*~*~tactically~*~*~ (stealth).
  2044 | D:2      | Reached XP level 5. HP: 32/32 MP: 5/5
  2297 | D:2      | 2297 ||| UPGRADING to +0 chain mail.
  2307 | D:2      | 2307 ||| DROPPING +0 scale mail.
  2308 | D:2      | 2308 ||| UPGRADING to +0 cloak.
  2313 | D:2      | 2313 ||| UPGRADING to ring of willpower.
  2314 | D:2      | 2314 ||| READING scroll labelled VATROJ FOINIXT.
  2315 | D:2      | 2315 ||| READING scroll labelled ITYUVOINGO.
  2316 | D:2      | 2316 ||| READING scroll labelled ISUSEU PIERUCH.
  2321 | D:2      | 2321 ||| READING scroll labelled XYNLYP WOHOMED.
  2322 | D:2      | 2322 ||| READING scroll labelled ZERATS JUCEUMP.
  2323 | D:2      | 2323 ||| DRINKING 3 brown potions.
  2324 | D:2      | 2324 ||| DRINKING 3 silvery potions.
  2325 | D:2      | 2325 ||| DROPPING 2 potions of invisibility.
  2326 | D:2      | 2326 ||| DROPPING 2 potions of magic.
  2335 | D:3      | Noticed Sigmund
  2336 | D:3      | 2336 ||| Stepping ~*~*~tactically~*~*~ (hiding).
  2341 | D:3      | 2341 ||| Stepping ~*~*~tactically~*~*~ (stealth).
  2346 | D:3      | 2346 ||| STAIRDANCE
  2407 | D:3      | 2407 ||| STAIRDANCE
  2420 | D:3      | 2420 ||| FLEEEEING.
  2421 | D:3      | 2421 ||| STAIRDANCE
  2489 | D:3      | Killed Sigmund
  2490 | D:3      | Reached skill level 5 in Axes
  2490 | D:3      | Reached XP level 6. HP: 22/37 MP: 4/6
  2907 | D:3      | 2907 ||| Stepping ~*~*~tactically~*~*~ (hiding).
  2908 | D:3      | 2908 ||| Stepping ~*~*~tactically~*~*~ (hiding).
  3272 | D:3      | Found a blossoming altar of Fedhas.
  3281 | D:3      | Found a burning altar of Makhleb.
  3389 | D:3      | 3389 ||| DRINKING 2 smoky green potions.
  3390 | D:3      | 3390 ||| READING 2 scrolls of identify.
  3390 | D:3      | 3390 ||| IDENTIFYING viscous green potion
  3391 | D:3      | 3391 ||| DROPPING potion of brilliance.
  3503 | D:4      | You fall into a shaft and drop 1 floor!
  3503 | D:5      | Entered Level 5 of the Dungeon
  3562 | D:5      | HP: 6/38 [gnoll/+0 spear[a gnoll bouda] (4)]
  3563 | D:5      | 3563 ||| DRINKING 2 potions of heal wounds.
  3576 | D:5      | Reached skill level 6 in Axes
  3789 | D:5      | 3789 ||| Stepping ~*~*~tactically~*~*~ (stealth).
  3792 | D:5      | Reached skill level 1 in Dodging
  3857 | D:5      | Reached XP level 7. HP: 27/43 MP: 5/7
  4001 | D:4      | Found a bloodstained altar of Trog.
  4366 | D:4      | 4366 ||| DRINKING 3 sedimented sapphire potions.
  4367 | D:4      | 4367 ||| READING 2 scrolls of identify.
  4367 | D:4      | 4367 ||| IDENTIFYING viscous red potion
  4388 | D:5      | 4388 ||| STAIRDANCE
  4403 | D:5      | 4403 ||| DROPPING +0 whip.
  4421 | D:5      | 4421 ||| DRINKING 2 potions of curing.
  4421 | D:5      | 4421 ||| (to cure confusion)
  4645 | D:5      | 4645 ||| Stepping ~*~*~tactically~*~*~ (hiding).
  4774 | D:5      | 4774 ||| Stepping ~*~*~tactically~*~*~ (stealth).
  4796 | D:5      | 4796 ||| DROPPING +0 flail.
  4869 | D:5      | Found an iron altar of Okawaru.
  4878 | D:5      | Became a worshipper of Warmaster Okawaru
  4879 | D:5      | 4879 ||| REMOVING amulet of guardian spirit.
  4905 | D:5      | 4905 ||| FLEEEEING.
  4906 | D:5      | 4906 ||| FLEEEEING.
  4907 | D:5      | 4907 ||| FLEEEEING.
  4910 | D:5      | 4910 ||| FLEEEEING.
  4911 | D:5      | 4911 ||| FLEEEEING.
  4912 | D:5      | 4912 ||| FLEEEEING.
  4913 | D:5      | 4913 ||| FLEEEEING.
  5031 | D:5      | Reached skill level 7 in Axes
  5198 | D:5      | Reached XP level 8. HP: 50/50 MP: 8/8
  5357 | D:5      | 5357 ||| DROPPING amulet of guardian spirit.
  5358 | D:5      | 5358 ||| READING scroll labelled FOTRIEN SUNER.
  5406 | D:6      | HP: 8/50 [ice beast (13)]
  5407 | D:6      | 5407 ||| DRINKING potion of heal wounds.
  5410 | D:6      | Reached skill level 1 in Throwing
  5466 | D:6      | 5466 ||| FLEEEEING.
  5469 | D:6      | 5469 ||| STAIRDANCE
  5552 | D:6      | 5552 ||| Stepping ~*~*~tactically~*~*~ (stealth).
  5562 | D:6      | Noticed Duvessa
  5563 | D:6      | Noticed Dowan
  5578 | D:6      | Killed Duvessa
  5580 | D:6      | Killed Dowan
  5770 | D:6      | 5770 ||| Stepping ~*~*~tactically~*~*~ (stealth).
  5771 | D:6      | 5771 ||| Stepping ~*~*~tactically~*~*~ (stealth).
  5783 | D:6      | Reached skill level 8 in Axes
  5817 | D:6      | HP: 8/50 [water moccasin (7)]
  5818 | D:6      | 5818 ||| READING scroll of teleportation.
  5819 | D:6      | 5819 ||| DRINKING potion of heal wounds.
  5822 | D:6      | Reached * piety under Okawaru
  6019 | D:6      | Reached skill level 6 in Fighting
  6019 | D:6      | Reached skill level 1 in Invocations
  6029 | D:6      | 6029 ||| INVOKING Heroism.
  6127 | D:6      | Found a staircase to the Ecumenical Temple.
  6140 | D:6      | 6140 ||| Stepping ~*~*~tactically~*~*~ (stealth).
  6142 | D:6      | 6142 ||| Stepping ~*~*~tactically~*~*~ (hiding).
  6147 | D:6      | 6147 ||| INVOKING Heroism.
  6216 | D:6      | 6216 ||| Stepping ~*~*~tactically~*~*~ (hiding).
  6238 | D:6      | 6238 ||| INVOKING Heroism.
  6252 | D:6      | Reached skill level 3 in Invocations
  6253 | D:6      | 6253 ||| Stepping ~*~*~tactically~*~*~ (stealth).
  6255 | D:6      | 6255 ||| Stepping ~*~*~tactically~*~*~ (stealth).
  6256 | D:6      | 6256 ||| FLEEEEING.
  6257 | D:6      | 6257 ||| Stepping ~*~*~tactically~*~*~ (stealth).
  6258 | D:6      | 6258 ||| INVOKING Heroism.
  6259 | D:6      | 6259 ||| DRINKING potion of curing.
  6259 | D:6      | 6259 ||| (to cure confusion)
  6261 | D:6      | HP: 12/51 [wight/+4 dire flail (3)]
  6262 | D:6      | Reached XP level 9. HP: 8/55 MP: 7/11
  6265 | D:6      | HP: 1/55 [iguana (5)]
  6266 | D:6      | Splashed by a jelly's acid

Levels and vault maps discovered:
D:1:      wander_arrival_estate, layout_loops_cross,
          dreamdust_ecumenical_altar_sealed_demon, minmay_3d_cube
D:2:      cheibrodos_fertilizer, layout_loops_cross
D:3:      layout_basic, mainiacjoe_overflow_swirl, hangedman_decor_points,
          grunt_decor_one_mirror, uniq_sigmund
D:4:      layout_cave_pools, mainiacjoe_overflow_brackets,
          kennysheep_cross_bottleneck
D:5:      layout_gridville, kennysheep_okawaru_gauntlet
D:6:      minmay_polygon_palace, layout_basic, temple_fountains,
          minmay_misc_feat_square, uniq_duvessa, uniq_grinder

Skill      XL: |  1  2  3  4  5  6  7  8 |
---------------+-------------------------+-----
Axes           | 2 3 4 5 6 7 8 |  8.2
Fighting       | 4 5 6 |  6.0
Dodging        | 1 |  1.1
Throwing       | 1 |  1.7
Invocations    | 3 |  3.4
Armour         | 4 |  4.0
Shields        | |  3.2

Action                   |  1- 3 |  4- 6 |  7- 9 || total
-------------------------+-------+-------+-------++-------
Melee: War axe           |   130 |   107 |   171 ||   408
Throw: Boomerang         |       |    22 |    34 ||    56
Invok: Heroism           |       |       |     4 ||     4
  Use: Scroll            |     2 |     6 |     3 ||    11
       Potion            |     1 |     4 |     5 ||    10
Armor: Scale mail        |    58 |     8 |       ||    66
       Chain mail        |       |    56 |   151 ||   207
Dodge: Dodged            |    56 |    38 |    86 ||   180
Block: Buckler           |    25 |    20 |    50 ||    95

Table legend:
 A = Non-vault XP
 B = Vault XP
 C = Vault XP percentage of total XP
 D = Non-vault monster count
 E = Vault monster count
 F = Vault count percentage of total count
                 A         B        C        D         E       F
            +---------+---------+-------+---------+---------+-------
      Total |    1790 |     674 |  27.4 |     110 |      22 |  16.7
            +---------+---------+-------+---------+---------+-------
        D:1 |      37 |       6 |  14.0 |      27 |       3 |  10.0
        D:2 |      29 |     101 |  77.7 |      13 |      14 |  51.9
        D:3 |      27 |     214 |  88.8 |      12 |       1 |   7.7
        D:4 |      57 |       0 |   0.0 |      11 |       0 |   0.0
        D:5 |     786 |       0 |   0.0 |      29 |       0 |   0.0
        D:6 |     854 |     353 |  29.2 |      18 |       4 |  18.2
            +---------+---------+-------+---------+---------+-------
